 Dungeon Crawl Stone Soup version 0.31-a0-115-g4708a659fe (webtiles) character file.

Game seed: 16754142790396188271

798 jlumianski the Chopper (level 7, -8/53 HPs)
             Began as a Demonspawn Fighter on May 29, 2023.
             Was an Initiate of Qazlal.
             Mangled by an ogre
             ... wielding a +0 giant club
              (20 damage)
             ... on level 4 of the Dungeon on May 30, 2023.
             The game lasted 00:16:56 (3825 turns).

jlumianski the Chopper (Demonspawn Fighter)         Turns: 3825, Time: 00:16:56

Health: -8/53      AC:  9    Str: 18    XL:     7   Next: 58%
Magic:  7/7        EV:  9    Int: 15    God:    Qazlal [......]
Gold:   140        SH: 10    Dex: 18    Spells: 6/6 levels left

rFire   + + +        A - +12 hand axe of Eternal Vigilance {heavy, rF+++ Int+5}
rCold   . . .        q - +0 kite shield
rNeg    . . .        e - +0 chain mail
rPois   .            (helmet restricted)
rElec   .            (no cloak)
rCorr   .            (no gloves)
SInv    .            (no boots)
Will    .....        (no amulet) Stlth
                     C - +6 ring of dexterity
HPRegen 0.28/turn    (no ring)
MPRegen 0.10/turn

%: no passive effects
@: no status effects
A: antennae 1, repulsion field 1, demonic guardian 2, ignite blood 1
a: Renounce Religion


You were on level 4 of the Dungeon.
You worshipped Qazlal.
Qazlal was noncommittal.
You visited 1 branch of the dungeon, and saw 5 of its levels.

You collected 140 gold pieces.

Inventory:

Hand Weapons
 a - a +0 war axe
 p - a +1 war axe of electrocution
 A - the +12 hand axe of Eternal Vigilance (weapon) {heavy, rF+++ Int+5}
   (You found it on level 4 of the Dungeon)

   Int:       It affects your intelligence (+5).
   rF:        It renders you almost immune to fire.
Missiles
 h - 38 stones
 k - 2 poisoned darts (quivered)
 l - a boomerang
 m - a throwing net
Armour
 b - a +0 scale mail
 c - a +0 buckler
 e - a +0 chain mail (worn)
 n - a +0 helmet
 q - a +0 kite shield (worn)
 r - a +0 pair of boots
 y - a +3 ring mail
 D - a +0 pair of gloves
Jewellery
 B - a ring of ice
 C - a +6 ring of dexterity (left hand)
Wands
 t - a wand of roots (2)
 v - a wand of flame (23)
Scrolls
 f - a scroll of poison
 g - a scroll of magic mapping {unknown}
 j - a scroll of amnesia {unknown}
 s - a scroll of immolation {unknown}
 w - a scroll of enchant armour {unknown}
 x - a scroll of teleportation {unknown}
 z - 2 scrolls of identify {unknown}
 E - 2 scrolls of vulnerability
Potions
 d - 3 potions of might
 i - a potion of heal wounds {unknown}
 o - a potion of cancellation {unknown}
 u - a potion of curing


   Skills:
 + Level 3.8 Fighting
 + Level 5.4 Axes
 + Level 4.5 Armour
 + Level 1.3 Dodging
 + Level 4.3 Shields


You had 6 spell levels left.
You didn't know any spells.
Your spell library contained the following spells:

 Spells                   Type           Power      Damage    Failure   Level
 Static Discharge         Conj/Air       0%         2-2/arc   100%        2
 Airstrike                Air            0%         2d(0-16)  100%        4
 Summon Lightning Spire   Summ/Air       0%         N/A       100%        4


Dungeon Overview and Level Annotations

Branches:
Dungeon (5/15)
 Temple: D:4-7

Altars:
Qazlal


Innate Abilities, Weirdness & Mutations

You have a pair of small antennae on your head.
You are surrounded by a mild repulsion field. (EV +2)
A demonic guardian rushes to your aid.
Your demonic aura sometimes causes spilled blood to erupt in flames.


Message History

Throw: 7 darts (poison)
Press: ? - help, Q - select action, (/) - cycle Shift-Dir - straight line, f - ogre
Aim: an ogre, wielding a +0 giant club (76% to hit)
You throw a poisoned dart. The poisoned dart hits the ogre.
The ogre is poisoned.
Throw: 6 darts (poison)
Press: ? - help, Q - select action, (/) - cycle Shift-Dir - straight line, f/p - ogre
Aim: an ogre, wielding a +0 giant club (poisoned, 76% to hit)
You throw a poisoned dart. The poisoned dart hits the ogre.
Throw: 5 darts (poison)
Press: ? - help, Q - select action, (/) - cycle Shift-Dir - straight line, f/p - ogre
Aim: an ogre, wielding a +0 giant club (lightly wounded, poisoned, 76% to hit)
You throw a poisoned dart. The poisoned dart hits the ogre.
The ogre looks even sicker.
The ogre is lightly wounded.
Throw: 4 darts (poison)
Press: ? - help, Q - select action, (/) - cycle Shift-Dir - straight line, f/p - ogre
Aim: an ogre, wielding a +0 giant club (lightly wounded, very poisoned, 76% to hit)
You throw a poisoned dart. The poisoned dart hits the ogre.
The ogre is lightly wounded.
Throw: 3 darts (poison)
Press: ? - help, Q - select action, (/) - cycle Shift-Dir - straight line, f/p - ogre
Aim: an ogre, wielding a +0 giant club (lightly wounded, very poisoned, 76% to hit)
You throw a poisoned dart. The poisoned dart hits the ogre.
The ogre is lightly wounded.
You slash the ogre!
The ogre is severely wounded.
The ogre hits you with a +0 giant club!!
You block the ogre's attack.
You barely miss the ogre.
The ogre is severely wounded.
The ogre hits you with a +0 giant club!
You barely miss the ogre.
The ogre is severely wounded.
The ogre hits you with a +0 giant club!
* * * LOW HITPOINT WARNING * * *
You hit the ogre.
The ogre is almost dead.
The ogre hits you with a +0 giant club!!
You die...

#. #.....#.#.#.#### #
#.....#.#.#.#
#.....#.#.#.#
#.....#.#.#.####
#.....#.#.......
###.....#.#.#.####
#.........#.#.#
...####.#########.#.####
.......@..........#.....
.......O................
##.....(######....##....
#....(.# ####.#####.###
#....(.# #....# #.#
#......# #.#### #.#
#...(..# #.# #.###
#......# #.##########..
#.#.....#..[.#


You could see an ogre (poisoned).

Vanquished Creatures
  The ghost of jejorda2 the Spear-Bearer, an amateur MfBe of Trog (D:3)
  2 phantoms
  3 quasits (D:3)
  An orc priest (D:3)
  A hound (D:4)
  Natasha (thrice) (D:2)
  An iguana (D:4)
  4 gnolls (D:3)
  2 adders (D:3)
  A worm (D:1)
  A dart slug (D:2)
  5 orcs (D:3)
  9 ball pythons
  7 endoplasms
  5 giant cockroaches
  9 goblins
  11 hobgoblins
  16 jackals
  2 quokkas
  5 bats
  9 frilled lizards
  5 kobolds
  5 rats
108 creatures vanquished.

Vanquished Creatures (collateral kills)
  An adder (D:3)
  A frilled lizard (D:3)
2 creatures vanquished.

Grand Total: 110 creatures vanquished

Notes
Turn   | Place    | Note
-------+----------+-------------------------------------------
     0 | D:1      | jlumianski the Demonspawn Fighter began the quest for the
                  | Orb.
     0 | D:1      | Reached XP level 1. HP: 18/18 MP: 1/1
   167 | D:1      | Found a faded altar of an unknown god.
   182 | D:1      | Gained mutation: You have a pair of small antennae on your
                  | head. [demonic ancestry]
   182 | D:1      | Reached XP level 2. HP: 24/24 MP: 2/2
   241 | D:1      | Reached skill level 2 in Axes
   561 | D:1      | Noticed a floating eye
   566 | D:1      | Noticed a golden eye
   566 | D:1      | Noticed an eye of devastation
   566 | D:1      | Noticed a great orb of eyes
   693 | D:1      | Gained mutation: Your demonic aura sometimes causes spilled
                  | blood to erupt in flames. [demonic ancestry]
   693 | D:1      | Reached XP level 3. HP: 29/29 MP: 3/3
  1072 | D:2      | Noticed Natasha
  1081 | D:2      | Killed Natasha
  1296 | D:2      | Gained mutation: A weak demonic guardian rushes to your
                  | aid. [demonic ancestry]
  1296 | D:2      | Reached XP level 4. HP: 35/35 MP: 4/4
  1343 | D:2      | Noticed Natasha
  1368 | D:2      | Killed Natasha
  1470 | D:2      | You fall into a shaft and drop 1 floor!
  1666 | D:2      | Reached skill level 3 in Axes
  1687 | D:2      | Noticed Natasha
  1697 | D:2      | Killed Natasha
  2067 | D:3      | Noticed jejorda2's ghost (amateur MfBe)
  2076 | D:3      | Gained mutation: You are surrounded by a mild repulsion
                  | field. (EV +2) [demonic ancestry]
  2076 | D:3      | Reached XP level 5. HP: 41/41 MP: 5/5
  2098 | D:3      | Found a transporter.
  2118 | D:3      | Found a transporter.
  2462 | D:3      | Reached skill level 4 in Axes
  2818 | D:4      | Identified the +12 hand axe of Eternal Vigilance {heavy,
                  | rF+++ Int+5}
  2829 | D:4      | Gained mutation: A demonic guardian rushes to your aid.
                  | [demonic ancestry]
  2829 | D:4      | Reached XP level 6. HP: 47/47 MP: 6/6
  3171 | D:3      | Reached skill level 5 in Axes
  3250 | D:3      | HP: 2/47 [jejorda2's ghost (14)]
  3252 | D:3      | Killed jejorda2's ghost
  3253 | D:3      | Reached skill level 1 in Dodging
  3253 | D:3      | Reached XP level 7. HP: 15/53 MP: 7/7
  3512 | D:5      | Entered Level 5 of the Dungeon
  3518 | D:5      | Found a stormy altar of Qazlal.
  3531 | D:5      | Became a worshipper of Qazlal Stormbringer
  3825 | D:4      | Mangled by an ogre

Illustrated notes

Levels and vault maps discovered:
D:1:      dpeg_arrival_round_b, layout_basic,
          hellmonk_ecumenical_altar_watching_god, nicolae_wormholes
D:2:      layout_loops_ring, basic_altar, chequers_decorated_corner,
          uniq_natasha
D:3:      minmay_chambers_of_threes, layout_loops_ring,
          nicolae_elyvilon_temple_path, gammafunk_ghost_stat_death
D:4:      minmay_angry_zag, layout_basic
D:5:      layout_layer_cave, overflow_temple_1_default

Skill      XL: |  1  2  3  4  5  6 |
---------------+-------------------+-----
Axes           | 2 3 4 5 |  5.4
Armour         | 3 4 |  4.5
Shields        | 3 4 |  4.3
Dodging        | 1 |  1.3
Fighting       | |  3.8

Action                     |  1- 3 |  4- 6 |  7- 9 || total
---------------------------+-------+-------+-------++-------
  Melee: War axe           |    98 |   101 |       ||   199
         Hand axe          |       |    42 |    21 ||    63
  Throw: Dart              |       |       |     5 ||     5
    Use: Potion            |       |     3 |       ||     3
         Scroll            |       |     1 |     1 ||     2
 Armour: Chain mail        |    59 |   124 |     7 ||   190
  Dodge: Dodged            |    46 |    97 |     7 ||   150
  Block: Buckler           |    20 |       |       ||    20
         Kite shield       |     2 |   100 |    10 ||   112

Table legend: (Time is in decaauts)
 A = Elapsed time spent in this place.
 B = Non-inter-level travel time spent in this place.
 C = Inter-level travel time spent in this place.
 D = Time resting spent in this place.
 E = Time spent auto-exploring this place.
 F = Levels seen in this place.
 G = Mean time per level.
                   A        B        C        D        E       F      G
               +--------+--------+--------+--------+--------+-----+--------+
         Total |   3965 |   3890 |     75 |    194 |   1899 |   5 |  793.0 |
       Dungeon |   3965 |   3890 |     75 |    194 |   1899 |   5 |  793.0 |
               +--------+--------+--------+--------+--------+-----+--------+

Top non-repeatable levels by time:
     D:3: 1354 daAuts
     D:2: 1019 daAuts
     D:1: 997 daAuts
     D:4: 563 daAuts
     D:5: 31 daAuts
